[Event "*** SCC Grand Prix: Titled Tuesday Blitz"]
[Site "Chess.com"]
[Date "2020.06.02"]
[Round "6"]
[White "chenxiaoyuer"]
[Black "antoszu"]
[Result "0-1"]
[WhiteElo "2326"]
[BlackElo "2550"]
[TimeControl "180+1"]
[EndTime "11:09:39 PDT"]
[Termination "antoszu won by checkmate"]

1. e4 c5 2. Nf3 e6 3. d4 cxd4 4. Nxd4 a6 5. Nc3 Qc7 6. Be2 Nf6 7. O-O d6 8. a4 b6 9. Be3 Be7 10. f4 Bb7 11. Bf3 Nbd7 12. f5 e5 13. Nb3 O-O 14.
g4 d5 15. exd5 e4 16. Be2 Bd6 17. Rf2 h6 18. Qd2 Ne5 19. Bxh6 e3 20. Qxe3 Nexg4 21.
Bxg4 Nxg4 22. Qd4 Nxh6 23. Rg2 Be5 24. Qh4 Kh8 25. Rf1 Qd8 26. f6 Bxf6 27. Qh5 Bxc3 28.
bxc3 Qxd5 29. Qxd5 Bxd5 30. Rgf2 Bc4 31. Re1 b5 32.
Rd2 bxa4 33. Nd4 a3 34. Ra1 a2 35. Rdd1 Ng4 36. Rdc1 Ne3 37. h3 Nd5 38. Kf2 Nxc3 39. Ke1 Ne4 40. Kd1 Rad8 41. c3 Nxc3+ 42. Rxc3 Rxd4+ 43.
Kc2 Be6 44. Kb2 Rd2+ 45. Ka3 Rfd8 46. Rc7 R8d3+ 47. Ka4 Rd1 48. Ka5 Rxa1 49. Kb6 Rb1+ 50. Ka7 a1=Q 51. Rc8+ Bxc8 52. Ka8 Qe5 53. h4 Qb8# 0-1

[Event "*** SCC Grand Prix: Titled Tuesday Blitz"]
[Site "Chess.com"]
[Date "2020.06.02"]
[Round "6"]
[White "zala02"]
[Black "GAusal"]
[Result "1-0"]
[WhiteElo "2234"]
[BlackElo "1987"]
[TimeControl "180+1"]
[EndTime "11:09:39 PDT"]
[Termination "zala02 won on time"]

1. d4 d5 2. c4 e5 3. dxe5 d4 4. Nf3 Nc6 5. g3 f6 6. exf6 Nxf6 7. Bg2 Bb4+ 8. Bd2 d3 9. O-O O-O 10. exd3 Qxd3 11. Bxb4 Nxb4 12. Na3 Qxd1 13. Raxd1 c6 14. Rd2 Bf5 15. Nd4 Rad8 16. Rfd1 Bg6 17. Nac2 Nxa2 18.
Ne6 Rxd2 19. Rxd2 Re8 20. Nf4 Bxc2 21. Rxc2 Nb4 22. Rd2 g5 23. Ne2 h6 24. Nc3 Re7 25. h3 Nd7 26. Rd6 Nc5 27. Rxh6 Kg7 28. Rd6 Nbd3 29.
Bf3 Nxb2 30. Bh5 Nxc4 31. Rg6+ Kh7 32. Rxg5 b5 33. Rxc5 Re6 34. Bg4 Rd6 35. Ne4 Rh6 36.
Bf5+ Kg7 37. Kg2 a5 38. g4 a4 39. g5 Rh8 40. Rxc6 a3 41. Rc7+ Kg8 42. Nf6+ Kf8 43. Bg6 Nd6 44. Ra7 Ne8 45. Nxe8 1-0

[Event "*** SCC Grand Prix: Titled Tuesday Blitz"]
[Site "Chess.com"]
[Date "2020.06.02"]
[Round "6"]
[White "TigrVShlyape"]
[Black "Violord"]
[Result "1-0"]
[WhiteElo "2879"]
[BlackElo "2603"]
[TimeControl "180+1"]
[EndTime "11:09:41 PDT"]
[Termination "TigrVShlyape won on time"]

1. d4 Nf6 2. Nf3 g6 3. c3 Bg7 4. Bf4 O-O 5. Nbd2 d5 6. h3 c5 7.
e3 Nfd7 8. Qb3 c4 9. Qa3 Nc6 10. Be2 b5 11. b3 a5 12. bxc4 dxc4 13. Qb2 e5 14. Bg3 Ba6 15. a4 b4 16. O-O exd4 17.
exd4 Nb6 18. Rfe1 bxc3 19. Qxc3 Nxd4 20. Be5 Bxe5 21. Nxe5 Nxe2+ 22. Rxe2 Nd5 23. Qd4 Nb4 24. Qc3 Nd5 25. Qd4 c3 26. Ndc4 Rc8 27. Rc2 f6 28. Re1 fxe5 29. Nxe5 Nf6 30. Qe3 Qd5 31. Rxc3 Rce8 32.
f3 Bb7 33. Rc5 Qd6 34. Rxa5 Qe6 35. Rb5 Bc8 36. Qd4 Qf5 37. f4 Qe6 38. Kh2 Qe7 39.
a5 Ba6 40. Rb6 Rd8 41. Qa4 Bb7 42. Qb3+ 1-0

[Event "*** SCC Grand Prix: Titled Tuesday Blitz"]
[Site "Chess.com"]
[Date "2020.06.02"]
[Round "6"]
[White "goofypenguin96"]
[Black "Arjun2002"]
[Result "0-1"]
[WhiteElo "2268"]
[BlackElo "2647"]
[TimeControl "180+1"]
[EndTime "11:09:41 PDT"]
[Termination "Arjun2002 won by resignation"]

1. e4 c5 2. c3 d5 3. exd5 Qxd5 4. d4 Nc6 5. Nf3 Bf5 6. Be2 cxd4 7. cxd4 Bxb1 8.
Rxb1 Nf6 9. O-O e6 10. b3 Bd6 11. Bb2 O-O 12. h3 Rfd8 13. Re1 Rac8 14. Bc4 Qh5 15.
Ne5 Qxd1 16. Rbxd1 Nb4 17. Rc1 Nbd5 18. g4 h6 19. f3 a6 20. Kg2 g5 21. Bxd5 Nxd5 22.
Nd3 Bf4 23. Rxc8 Rxc8 24. Re2 f6 25. Kf2 Kf7 26. Nc5 b6 27. Nxe6 Be3+ 28. Rxe3 Nxe3 29. Kxe3 Kxe6 30. Ke4 Rc2 31. d5+ Kd6 32. Bxf6 Re2+ 33. Kd3 Rxa2 34. Bg7 Rh2 35. Ke4 Rxh3 36. Bf8+ Kd7 37.
Bg7 a5 38. Bf8 b5 39. Kd4 a4 40. bxa4 bxa4 41. Ke5 Rxf3 42. Bxh6 a3 43. Bg7 a2 44.
Ke4 Rf4+ 45. Ke5 Rxg4 46. Kf5 Rg1 47. Kg6 a1=Q 48. Bxa1 Rxa1 49. Kxg5 Rd1 0-1

[Event "*** SCC Grand Prix: Titled Tuesday Blitz"]
[Site "Chess.com"]
[Date "2020.06.02"]
[Round "6"]
[White "davigator"]
[Black "Balla_Tamas"]
[Result "1/2-1/2"]
[WhiteElo "2318"]
[BlackElo "2474"]
[TimeControl "180+1"]
[EndTime "11:09:42 PDT"]
[Termination "Game drawn by repetition"]

1. e4 c5 2. Nf3 e6 3. d4 cxd4 4. Nxd4 a6 5. Bd3 Bc5 6. Nb3 Be7 7. c4 d6 8. Nc3 Nf6 9. Be3 Nbd7 10. Qe2 b6 11. O-O Bb7 12. Rac1 O-O 13. Rfd1 Qc7 14. f3 Ne5 15. Na4 Nxd3 16. Rxd3 Nd7 17. Qf2 Nc5 18. Naxc5 dxc5 19. Rcd1 Rad8 20. Nc1 Rxd3 21. Rxd3 Rd8 22.
Qd2 Rxd3 23. Qxd3 Bd6 24. h3 f6 25. Ne2 Bc6 26. Nc3 Be5 27. Qd2 Kf7 28. b3 Qd6 29. Ne2 Qxd2 30. Bxd2 f5 31. exf5 exf5 32. Kf2 b5 33. Bf4 Bf6 34. Bd6 bxc4 35. bxc4 Be7 36. Bxe7 Kxe7 37. Nf4 Kd6 38. h4 Be8 39. Ke3 Bf7 40.
Kd3 g6 41. a3 h6 42. Ne2 g5 43. hxg5 hxg5 44. f4 g4 45. g3 Be6 46. Nc3 Bf7 47. Ne2 Be6 48. Nc3 Bf7 49. Nd1 Be6 50. Ne3 Kc6 51. Kc3 Kb6 52. Kb3 Kc6 53. Ka4 Kb6 54.
Kb3 Kc6 55. Kc3 Kd6 56. Nc2 Kc6 57. Na1 Kb6 58. Nb3 Bd7 59. Nc1 Ka5 60. Nd3 Kb6 61. Ne5 Be6 62. Kb3 Bc8 63. Nf7 Be6 64. Ne5 Bc8 65. Nd3 Be6 66. Kc3 Bc8 67. Nb2 Be6 68. Nd3 Bd7 69. Nb2 Be6 70. Na4+ Kc6 71.
Nb2 Bd7 72. Kb3 Be6 73. Ka4 Kb6 74. Kb3 Bd7 75. Kc3 Kc6 76. Kb3 Be6 77. Ka4 Kb6 78. Kb3 Bd7 79. Kc3 1/2-1/2

[Event "*** SCC Grand Prix: Titled Tuesday Blitz"]
[Site "Chess.com"]
[Date "2020.06.02"]
[Round "6"]
[White "Girkassa"]
[Black "Colombiano07"]
[Result "1/2-1/2"]
[WhiteElo "2533"]
[BlackElo "2349"]
[TimeControl "180+1"]
[EndTime "11:09:43 PDT"]
[Termination "Game drawn by repetition"]

1. d4 d5 2. c4 Bf5 3. Nc3 e6 4. Nf3 Nf6 5. cxd5 exd5 6. Qb3 Nc6 7. Bg5 Bb4 8. e3 Be4 9. Bb5 O-O 10. Bxc6 Bxc3+ 11. Qxc3 bxc6 12. Ne5 Bxg2 13. Rg1 Be4 14. Ng4 Kh8 15. Qxc6 Qd7 16. Qxf6 Qb5 17. Rd1 Qxb2 18.
Qc6 Bf3 19. Qa6 Bxd1 20. Bf6 c6 21. Bxg7+ Kxg7 22. Ne5+ Kh8 23. Kxd1 Qb1+ 24. Kd2 Qxg1 25. Qxc6 Qxf2+ 26. Kd3 Qf5+ 27. Kd2 Qe4 28. Qf6+ Kg8 29. Qg5+ Qg6 30. Nxg6 hxg6 31. Qxd5 Rad8 32. Qg5 Rfe8 33. h4 Rd6 34. h5 Kg7 35. hxg6 Rxg6 36. Qd5 Rge6 37.
e4 Rxe4 38. Qg5+ Kf8 39. Qh6+ Ke7 40. Qg5+ Kd7 41. Qd5+ Kc7 42. Qc5+ Kb7 43. Qb5+ Ka8 44. Qc6+ Kb8 45. Qd6+ Kc8 46. Qc6+ Kb8 47. Qd6+ Kb7 48. Qd7+ Kb6 49. Qd6+ Kb7 50. Qd7+ Kb6 51. Qd6+ Kb7 1/2-1/2

[Event "*** SCC Grand Prix: Titled Tuesday Blitz"]
[Site "Chess.com"]
[Date "2020.06.02"]
[Round "6"]
[White "temus_galaktionov"]
[Black "FabianoCaruana"]
[Result "0-1"]
[WhiteElo "2726"]
[BlackElo "3009"]
[TimeControl "180+1"]
[EndTime "11:09:47 PDT"]
[Termination "FabianoCaruana won by resignation"]

1. d4 Nf6 2. Nf3 d6 3. c4 g6 4. Nc3 Bf5 5. h3 Ne4 6. Qb3 Nxc3 7. Qxc3 Bg7 8. g4 Be4 9. Bg2 c5 10. Qe3 Bxf3 11. Qxf3 Nc6 12. dxc5 Qa5+ 13. Bd2 Qxc5 14. Bc3 O-O 15. Bxg7 Kxg7 16. Qc3+ Qd4 17. Qxd4+ Nxd4 18. Kd2 Rac8 19. b3 b6 20. e3 Ne6 21. Bd5 Nc5 22.
Rac1 e6 23. Bg2 Kf6 24. h4 Ke7 25. f4 Rg8 26. Bf3 Nd7 27. h5 g5 28. Ke2 h6 29.
Rhd1 Nf6 30. Rg1 Rc5 31. Kd3 Rc7 32. Kd2 a5 33. Rc2 Rc5 34. Rcc1 Rc7 35. Rc2 gxf4 36. exf4 Nxh5 37. Ke3 Nf6 38. Rh2 Rg6 39. Rh4 Rc8 40.
g5 hxg5 41. Rxg5 Rxg5 42. fxg5 Nd7 43. Rh7 Ne5 44. Bh5 Rg8 45. Kf4 Kf8 46. Be2 Ng6+ 47. Ke4 Rh8 48. Rxh8+ Nxh8 49. a3 Ke7 50. b4 axb4 51.
axb4 Ng6 52. Kd4 Ne5 53. c5 bxc5+ 54. bxc5 Nc6+ 55. Kc3 dxc5 56. Bf3 Ne5 57. Be4 Kd6 58. Bg2 Ng6 59. Bf3 Ke5 60. Bc6 Kf4 61. Be8 Ne5 62. Bxf7 Nxf7 63. g6 Nh6 64. g7 Ke5 65. Kc4 Kd6 66.
Kb5 Ng8 67. Kc4 e5 68. Kd3 Kd5 69. Kc3 c4 70. Kd2 Kd4 71. Kc2 c3 72. Kd1 Kd3 73. Kc1 c2 74. Kb2 Kd2 0-1

[Event "*** SCC Grand Prix: Titled Tuesday Blitz"]
[Site "Chess.com"]
[Date "2020.06.02"]
[Round "6"]
[White "hellokostya"]
[Black "ChristopherYoo"]
[Result "1/2-1/2"]
[WhiteElo "2445"]
[BlackElo "2803"]
[TimeControl "180+1"]
[EndTime "11:09:47 PDT"]
[Termination "Game drawn by repetition"]

1. d4 Nf6 2. c4 g6 3. Nc3 Bg7 4.
e4 d6 5. h3 O-O 6. Be3 c6 7.
Nf3 a6 8. Bd3 b5 9. a3 Nbd7 10.
O-O Ne8 11. Qd2 e5 12. d5 bxc4 13. Bxc4 c5 14. Rfc1 Nc7 15. b4 cxb4 16. axb4 f5 17. Bh6 Nb6 18. Bb3 f4 19. Bxg7 Kxg7 20. Na4 Nb5 21. Rc6 Nxa4 22. Bxa4 Bb7 23. Rac1 Bxc6 24. dxc6 Nc7 25. Bb3 Qe7 26. Qc3 g5 27. Rd1 Rad8 28. Qc4 h5 29. Nh2 Rh8 30. f3 Rdf8 31. Qd3 Rh6 32.
Bd5 Rfh8 33. Qe2 Rb8 34. Rb1 Rhh8 35. Qf2 a5 36. Qd2 Rb6 37. Qc3 Rhb8 38. b5 Nxb5 39. Qxa5 Qd8 40. c7 Qxc7 41. Rxb5 Qc1+ 42. Nf1 Rxb5 43.
Qa7+ Kh8 44. Qe7 Qc5+ 45. Kh2 Rg8 46. Qf6+ Kh7 47. Qf5+ Rg6 48. Qf7+ Kh6 49. Qf8+ Kh7 50. Qf7+ Kh6 51. Qf8+ Rg7 52. Qf6+ Kh7 53. Qf5+ Rg6 54. Qf7+ 1/2-1/2

[Event "*** SCC Grand Prix: Titled Tuesday Blitz"]
[Site "Chess.com"]
[Date "2020.06.02"]
[Round "6"]
[White "Charlottemillard17"]
[Black "Tenamu"]
[Result "1-0"]
[WhiteElo "1510"]
[BlackElo "2342"]
[TimeControl "180+1"]
[EndTime "11:09:47 PDT"]
[Termination "Charlottemillard17 won on time"]

1. e4 e6 2. d4 d5 3. Nd2 Nf6 4. Bd3 c5 5. c3 Nc6 6. e5 Nd7 7. Ngf3 cxd4 8. cxd4 Qb6 9. Nb3 Bb4+ 10. Bd2 f6 11.
exf6 Nxf6 12. O-O O-O 13. Bg5 Bd7 14. Ne5 Be8 15. Nxc6 Qxc6 16. Rc1 Qd6 17. a3 Bh5 18. Be2 Bxe2 19. Qxe2 Ne4 20. Bh4 Bxa3 21. bxa3 Qxa3 22. Nc5 Rac8 23. Ra1 Qc3 24. Nxe4 dxe4 25. Qxe4 Qc4 26.
Qxb7 Qxd4 27. Be7 Rfe8 28. Rxa7 Rb8 29. Qc7 Rbc8 30. Qb7 Rb8 31. Qd7 Qg4 32. Bd6 Rbd8 33. Qc7 Rc8 34. Qb7 Qd4 35. h3 Red8 36. Be7 Re8 37. Bd6 Red8 38. Be7 Re8 39. Bg5 Qe5 40. Bh6 Rb8 41. Qxg7+ Qxg7 42. Rxg7+ Kh8 43. Rd7 1-0

[Event "*** SCC Grand Prix: Titled Tuesday Blitz"]
[Site "Chess.com"]
[Date "2020.06.02"]
[Round "6"]
[White "chito89"]
[Black "wonderfultime"]
[Result "0-1"]
[WhiteElo "2815"]
[BlackElo "2996"]
[TimeControl "180+1"]
[EndTime "11:09:49 PDT"]
[Termination "wonderfultime won on time"]

1. c4 c6 2. Nf3 d5 3. e3 Nf6 4. Nc3 a6 5. b3 Bg4 6. h3 Bh5 7.
Bb2 e6 8. g4 Bg6 9. Ne5 Bd6 10.
Nxg6 hxg6 11. d4 Nbd7 12. Qf3 Qa5 13. a3 g5 14. b4 Qd8 15. Rc1 Nf8 16. Bd3 dxc4 17.
Bxc4 Ng6 18. Qe2 Qe7 19. Bd3 Nh4 20. Ne4 Nxe4 21. Bxe4 f5 22. Bb1 O-O 23. gxf5 Rxf5 24. Bxf5 exf5 25. d5 Qe4 26. Kd2 Nf3+ 27. Kc3 Qxd5 28.
Rhd1 Be5+ 29. Kc2 Qa2 30. Rb1 g4 31. hxg4 fxg4 32. Qd3 Rf8 33. Qb3+ Qxb3+ 34. Kxb3 Rf7 35. Rd8+ Kh7 36. Rbd1 Bxb2 37. Kxb2 Ne5 38. Kc3 Rxf2 39. R8d4 Kg6 40. Rg1 Kg5 41. Re4 Rf5 42. Rd4 Kh4 43. Rg2 Kh3 44. Rdd2 g3 45. Rg1 Rf2 46. Rh1+ Kg4 47. Rd4+ Kf3 48. Rf4+ Kg2 49. Rfh4 Rf1 0-1

[Event "*** SCC Grand Prix: Titled Tuesday Blitz"]
[Site "Chess.com"]
[Date "2020.06.02"]
[Round "6"]
[White "pooh2012"]
[Black "peixe64"]
[Result "0-1"]
[WhiteElo "2401"]
[BlackElo "2237"]
[TimeControl "180+1"]
[EndTime "11:09:49 PDT"]
[Termination "peixe64 won by resignation"]

1. d4 Nf6 2. Nc3 d5 3. Bf4 g6 4. e3 Bg7 5. h4 h6 6. Bd3 O-O 7.
Nf3 c5 8. Ne5 Nc6 9. Nxc6 bxc6 10. Qd2 Nd7 11. O-O-O e5 12. dxe5 Nxe5 13. Be2 Qa5 14.
Kb1 Rd8 15. Ne4 Qb6 16. Nc3 Qb4 17. a3 Qa5 18. Ne4 Qb6 19. Nc3 Rb8 20. Na4 Qb7 21. Ka1 Be6 22. Rb1 Qe7 23. Qa5 Nd7 24. Bxb8 Rxb8 25. Rhd1 c4 26. Qxa7 Qf6 27. f3 Bf5 28. Rdc1 Qd6 29. Ka2 Be6 30. c3 d4 31.
exd4 Bxd4 32. Rd1 Bxa7 33. Rxd6 Be3 34. Rxc6 Ra8 35. Nb6 Nxb6 36. Rd1 Nd5 37. Rxd5 Bxd5 38. Rd6 Be6 39. Rb6 Rd8 40. Rb4 Rd2 41. Bxc4 Bxc4+ 42. Rxc4 Rxg2 43. Rb4 Kg7 44. a4 Rf2 45. a5 Rxf3 46. a6 g5 47. hxg5 hxg5 48. Rb5 Rf6 49. Ra5 Ba7 50. b4 g4 51. b5 g3 52. Ra4 Rg6 0-1

[Event "*** SCC Grand Prix: Titled Tuesday Blitz"]
[Site "Chess.com"]
[Date "2020.06.02"]
[Round "6"]
[White "novocane"]
[Black "Quattroporte300"]
[Result "1/2-1/2"]
[WhiteElo "2163"]
[BlackElo "2293"]
[TimeControl "180+1"]
[EndTime "11:09:49 PDT"]
[Termination "Game drawn by repetition"]

1. d4 Nf6 2. c4 e6 3. Nc3 Bb4 4. e3 d5 5. a3 Bxc3+ 6. bxc3 O-O 7.
Nf3 b6 8. cxd5 exd5 9. Bd3 Ba6 10. Bxa6 Nxa6 11. O-O c5 12. c4 cxd4 13. Qxd4 Nc5 14. Rb1 dxc4 15. Qxc4 Qd3 16. Qxd3 Nxd3 17. Rd1 Rfd8 18.
Nd4 Ne5 19. a4 Ne4 20. Bb2 Rac8 21. f3 Nc3 22. Bxc3 Rxc3 23. Nf5 Rdd3 24. Rxd3 Nxd3 25. a5 g6 26. axb6 axb6 27. Ne7+ Kg7 28. Nd5 Rc2 29. Nxb6 Re2 30. Nd5 h5 31. g3 Rd2 32. Nf4 Nc5 33.
Re1 Nb3 34. Re2 Rd1+ 35. Kg2 Nc1 36. Rf2 Kh6 37. e4 g5 38. Nd5 Nd3 39. Re2 Ne1+ 40.
Kf2 Nd3+ 41. Kg2 Nc1 42. Rf2 Nd3 43. Re2 1/2-1/2

[Event "*** SCC Grand Prix: Titled Tuesday Blitz"]
[Site "Chess.com"]
[Date "2020.06.02"]
[Round "6"]
[White "vaishali2001"]
[Black "kot60"]
[Result "1-0"]
[WhiteElo "2607"]
[BlackElo "2444"]
[TimeControl "180+1"]
[EndTime "11:09:50 PDT"]
[Termination "vaishali2001 won on time"]

1. Nf3 Nf6 2. c4 d6 3. d4 Nc6 4. Nc3 e5 5. d5 Ne7 6. g3 g6 7.
Bg2 Bg7 8. O-O O-O 9. e4 Ne8 10. b4 a5 11. Ba3 axb4 12. Bxb4 b6 13. a4 h6 14. a5 bxa5 15. Rxa5 Rxa5 16. Bxa5 f5 17.
Nb5 fxe4 18. Nd2 e3 19. fxe3 Rxf1+ 20. Qxf1 Nf5 21. Qd3 Kh7 22. Ne4 Qe7 23. Na7 Bd7 24. Nc6 Bxc6 25. dxc6 Nf6 26. Nxf6+ Bxf6 27. Be4 Qe6 28.
Bxc7 Ne7 29. Qxd6 Qf7 30. Ba5 Bg5 31. Qd3 Qe6 32. c7 Qa6 33. Bb4 Qa1+ 34. Kg2 Qb2+ 35. Bd2 Qb6 36. Qd7 Qc5 37. h4 Bf6 38. h5 Kg7 39. hxg6 Qxc4 40. Bf3 e4 41. Bg4 Qc2 42. c8=Q Qxc8 43. Qxe7+ Bxe7 44. Bxc8 Kxg6 45. g4 Kf6 46. Bc3+ Kg5 47. Be5 1-0

[Event "*** SCC Grand Prix: Titled Tuesday Blitz"]
[Site "Chess.com"]
[Date "2020.06.02"]
[Round "6"]
[White "Smile2005"]
[Black "annamaja"]
[Result "1-0"]
[WhiteElo "2413"]
[BlackElo "2194"]
[TimeControl "180+1"]
[EndTime "11:09:50 PDT"]
[Termination "Smile2005 won by resignation"]

1. Nf3 Nf6 2. g3 b6 3. Bg2 Bb7 4. O-O e6 5. d3 Be7 6. Nbd2 O-O 7.
e4 c5 8. c3 Nc6 9. Re1 d5 10. e5 Nd7 11. Nf1 h6 12. h4 b5 13.
N1h2 b4 14. c4 dxc4 15. dxc4 Nb6 16. Qe2 Qc7 17. Bf4 Rad8 18. b3 Nd4 19. Nxd4 Rxd4 20.
Nf3 Re4 21. Qc2 Rxe1+ 22. Rxe1 Rd8 23. Rd1 Qb8 24. Rxd8+ Bxd8 25. Qd2 Bc7 26. Qe3 Nd7 27.
Qd3 Bxf3 28. Qxd7 Bxg2 29. Kxg2 Bxe5 30. Bxe5 Qxe5 31. Qe8+ Kh7 32. Qxf7 a5 33. Qf3 Qd4 34. Qe2 e5 35. Qf3 e4 36. Qf5+ Kg8 37. Qe6+ Kf8 38. h5 a4 39. bxa4 Qd3 40. Qc8+ Kf7 41.
Qxc5 Qf3+ 42. Kh2 Qd1 43. Qd5+ Qxd5 44. cxd5 Ke7 45. a5 Kd6 46. a6 1-0

[Event "*** SCC Grand Prix: Titled Tuesday Blitz"]
[Site "Chess.com"]
[Date "2020.06.02"]
[Round "6"]
[White "Bayernbk"]
[Black "Nara_Kh"]
[Result "1-0"]
[WhiteElo "2498"]
[BlackElo "2318"]
[TimeControl "180+1"]
[EndTime "11:09:51 PDT"]
[Termination "Bayernbk won by checkmate"]

1. e4 d6 2. d4 Nf6 3. Bd3 g6 4. c3 Bg7 5. Nf3 O-O 6. O-O Bg4 7. Nbd2 Nc6 8. h3 Bxf3 9. Nxf3 e5 10. dxe5 dxe5 11.
Qe2 Qe7 12. Rd1 Rad8 13. Be3 a6 14. b4 Rfe8 15. Bc5 Qe6 16. Bc4 Qc8 17. Ng5 Rxd1+ 18.
Rxd1 Nd8 19. Rxd8 Qxd8 20. Nxf7 Qa8 21. Nxe5+ Kh8 22. Nf7+ Kg8 23. Nd6+ Kh8 24. Nxe8 Qxe8 25. f3 Nh5 26. Qd2 b6 27. Bd4 b5 28. Bxg7+ Nxg7 29.
Bd5 c6 30. Bb3 h6 31. Qd4 Kh7 32. f4 Qf8 33. g3 Qe7 34. Kg2 Nh5 35. Bd1 Ng7 36.
Bg4 Qf7 37. Qd2 Qc4 38. e5 h5 39. Be2 Qe4+ 40. Bf3 Qc4 41. Qe2 Qe6 42. g4 h4 43.
Be4 Kh8 44. Qc2 g5 45. Qf2 Kg8 46. a3 Qb3 47. Bxc6 Qxc3 48. Bd5+ Kh8 49. e6 Qf6 50. fxg5 Qxg5 51. Qf8+ Kh7 52. Be4+ Kh6 53. Qh8# 1-0

[Event "*** SCC Grand Prix: Titled Tuesday Blitz"]
[Site "Chess.com"]
[Date "2020.06.02"]
[Round "6"]
[White "robertofabregas"]
[Black "DDTerziev04"]
[Result "1-0"]
[WhiteElo "2064"]
[BlackElo "2228"]
[TimeControl "180+1"]
[EndTime "11:09:51 PDT"]
[Termination "robertofabregas won on time"]

1. d4 d5 2. Bf4 Nf6 3. e3 c5 4. Nf3 Nc6 5. c3 Qb6 6. Qb3 c4 7. Qc2 Bf5 8. Qc1 e6 9. Nbd2 h6 10. h3 Be7 11. Be2 O-O 12. O-O Rfc8 13. Ne5 Qd8 14. f3 b5 15. a3 a5 16. Nxc6 Rxc6 17. e4 dxe4 18. fxe4 Bxe4 19. Nxe4 Nxe4 20. Bf3 f5 21.
Qe3 Qd5 22. Rae1 b4 23. axb4 axb4 24. Bxe4 fxe4 25. Qxe4 Qxe4 26. Rxe4 Ra2 27. Bc1 Ra1 28. Rg4 Kh8 29. Rg6 Rb6 30. Kh2 bxc3 31. bxc3 Rbb1 32. Rf7 Bd6+ 33. Bf4 Bxf4+ 34. Rxf4 Rc1 35. Rf7 Rxc3 36. Rgxg7 Rc2 37. Rh7+ Kg8 38. Rhg7+ Kh8 39. Rh7+ Kg8 40. Rfg7+ Kf8 41. Rb7 Kg8 42. Rhe7 Rf1 43. Rb8+ Rf8 44. Rxf8+ Kxf8 45. Rxe6 Kg7 46. Rc6 c3 47. d5 1-0

[Event "*** SCC Grand Prix: Titled Tuesday Blitz"]
[Site "Chess.com"]
[Date "2020.06.02"]
[Round "6"]
[White "Alexander_Moskalenko"]
[Black "jlandaw"]
[Result "0-1"]
[WhiteElo "2811"]
[BlackElo "2540"]
[TimeControl "180+1"]
[EndTime "11:09:52 PDT"]
[Termination "jlandaw won on time"]

1. d4 d5 2. Bf4 Nf6 3. e3 e6 4. Nd2 c5 5. c3 Nc6 6. Ngf3 Bd6 7. Bg3 O-O 8. Bb5 Ne7 9. Bd3 b6 10. Ne5 Qc7 11. Qb1 Ng6 12. f4 a5 13. a4 Ba6 14. Bxa6 Rxa6 15. O-O Rc8 16. f5 Nxe5 17. dxe5 Bxe5 18. fxe6 fxe6 19. Bxe5 Qxe5 20. Qd3 c4 21. Qd4 Qxd4 22. exd4 Ra7 23. Rae1 Re7 24. Nf3 Ne4 25. Ne5 Rf8 26. Rf3 Rxf3 27. gxf3 Nd6 28. Kf2 Nf5 29.
b3 b5 30. bxc4 bxc4 31. Rb1 g6 32. Nc6 Rc7 33. Nxa5 Ra7 34. Rb7 Rxa5 35. Rb8+ Kf7 36. Rb7+ Ne7 37. Rb4 Nc6 38. Rb7+ Kf6 39. Rb6 Ne7 40.
Rb4 Nc6 41. Rb6 Na7 42. Rb4 Kf5 43. Kg3 h5 44. h4 e5 45. dxe5 Nc6 46. f4 Nxb4 47.
cxb4 Rxa4 48. b5 c3 49. e6 Kxe6 50. b6 c2 51. f5+ Kxf5 52. b7 Rb4 53. b8=Q Rxb8 54.
Kf2 c1=Q 55. Ke2 Qc3 56. Kd1 Qa3 57. Kc2 Rb2+ 0-1

[Event "*** SCC Grand Prix: Titled Tuesday Blitz"]
[Site "Chess.com"]
[Date "2020.06.02"]
[Round "6"]
[White "Anna_ChessMate"]
[Black "konradrutkowski"]
[Result "0-1"]
[WhiteElo "2545"]
[BlackElo "2364"]
[TimeControl "180+1"]
[EndTime "11:09:52 PDT"]
[Termination "konradrutkowski won on time"]

1. d4 Nf6 2. c4 g6 3. Nf3 Bg7 4.
g3 O-O 5. Bg2 d6 6. Nc3 Nc6 7.
O-O a6 8. Qd3 e5 9. dxe5 dxe5 10. Qxd8 Rxd8 11. Bg5 Re8 12. Nd2 h6 13. Bxf6 Bxf6 14.
Nd5 Bd8 15. Ne4 Kg7 16. Nec3 Nd4 17. e3 Ne6 18. f4 c6 19. Nb4 Bb6 20. Nc2 exf4 21.
gxf4 a5 22. Kh1 Nc5 23. b3 Bf5 24. Nd4 Rxe3 25. Nxf5+ gxf5 26. Nd1 Re2 27. Nf2 Rd8 28. Bf3 Rc2 29. Rg1+ Kf6 30. Rg2 Rdd2 31. Rf1 Rxa2 32. Nd1 Rxg2 33. Bxg2 Nxb3 34. h3 Nd2 35. Re1 Nxc4 36.
Nc3 Rc2 37. Na4 Bf2 38. Rf1 Ne3 39. Rb1 Bg3 40. Bf3 Rf2 0-1

[Event "*** SCC Grand Prix: Titled Tuesday Blitz"]
[Site "Chess.com"]
[Date "2020.06.02"]
[Round "6"]
[White "arminmusovic"]
[Black "WeAintSurePal"]
[Result "1-0"]
[WhiteElo "2536"]
[BlackElo "2262"]
[TimeControl "180+1"]
[EndTime "11:09:52 PDT"]
[Termination "arminmusovic won by checkmate"]

1. a3 c6 2. Nc3 d5 3. e4 dxe4 4. Nxe4 Nf6 5. Ng3 h5 6. h3 h4 7.
N3e2 e5 8. d4 exd4 9. Qxd4 Nbd7 10. Qe3+ Be7 11. Nf3 Nb6 12. Nc3 Nbd5 13. Qd2 Nxc3 14.
Qxc3 Nd5 15. Qe5 Be6 16. Bc4 Bf6 17. Qe2 Nc3 18. bxc3 Bxc3+ 19. Bd2 Bxa1 20. O-O Bf6 21. Bxe6 fxe6 22. Qxe6+ Qe7 23. Qb3 O-O-O 24. Bf4 g5 25.
Re1 Qd7 26. Nxg5 Bxg5 27. Bxg5 Rde8 28. Rb1 Reg8 29. Bxh4 Rg6 30. Bg3 Rhg8 31. Qe3 b6 32. a4 Qf5 33. Re1 R6g7 34. c4 Kb7 35. Qb3 Qc5 36. Kh2 Qa5 37. Qe3 Qf5 38. Rd1 Rh7 39.
Rd4 Rgh8 40. Kg1 Qg6 41. Qe4 Qh5 42. Rd6 Qc5 43. Qd3 Re8 44. Rd7+ Ka6 45. Rxh7 Re1+ 46. Kh2 Qb4 47. c5+ b5 48. axb5+ Ka5 49. f3 Rf1 50. Bf4 Qb1 51. Bd2+ Ka4 52. Rxa7# 1-0

[Event "*** SCC Grand Prix: Titled Tuesday Blitz"]
[Site "Chess.com"]
[Date "2020.06.02"]
[Round "6"]
[White "serhanberat_ozdemir"]
[Black "Ginzburg_Yakov"]
[Result "1/2-1/2"]
[WhiteElo "2510"]
[BlackElo "2337"]
[TimeControl "180+1"]
[EndTime "11:09:52 PDT"]
[Termination "Game drawn by stalemate"]

1. e4 c5 2. Nf3 Nc6 3. Bb5 g6 4. Bxc6 dxc6 5. d3 Bg7 6. h3 e5 7.
O-O Qc7 8. a3 Nf6 9. b4 cxb4 10.
axb4 O-O 11. Nbd2 Re8 12. Bb2 Nd7 13. Nc4 b5 14. Na5 Nf8 15. Nb3 Ne6 16. Ra5 Nf4 17. Nc5 Bf8 18. Qa1 Bxh3 19. gxh3 Qc8 20. Bxe5 Bg7 21. Bxf4 Bxa1 22. Rfxa1 Qxh3 23. Bg3 Re7 24. Ra6 f5 25. Nd4 Qg4 26. Nxc6 Ree8 27. Nd7 Re6 28. Ne7+ Kf7 29. Rxe6 Kxe6 30. Nd5 fxe4 31. Ra6+ Kxd5 32. Nf6+ Kd4 33. Nxg4 exd3 34. cxd3 Kxd3 35. Ne5+ Kc3 36. Nc6 g5 37. Rxa7 Rxa7 38. Nxa7 Kxb4 39. Bd6+ Kc4 40. Be7 g4 41. Nc6 Kd5 42. Nb4+ Ke4 43. Kg2 Kf4 44.
Bd6+ Kg5 45. Kg3 h5 46. Be7+ Kf5 47. Nd3 Ke4 48. Nf4 h4+ 49. Kxg4 Ke5 50. Bxh4 b4 51.
Be7 b3 52. Ba3 Ke4 53. Bb2 1/2-1/2

[Event "*** SCC Grand Prix: Titled Tuesday Blitz"]
[Site "Chess.com"]
[Date "2020.06.02"]
[Round "6"]
[White "Baby_Shak"]
[Black "Koalaskakistis"]
[Result "0-1"]
[WhiteElo "2612"]
[BlackElo "2414"]
[TimeControl "180+1"]
[EndTime "11:09:53 PDT"]
[Termination "Koalaskakistis won by checkmate"]

1. d4 f5 2. Nc3 Nf6 3. Bg5 g6 4. Qd2 d5 5. Nf3 e6 6. h4 h6 7.
Bf4 Bg7 8. Ne5 a6 9. Nxg6 Rg8 10.
Ne5 c5 11. dxc5 Nc6 12. Nxc6 bxc6 13. Be5 Ne4 14. Nxe4 Bxe5 15. Nd6+ Bxd6 16. cxd6 Qxd6 17. O-O-O e5 18. g3 Bd7 19. Bh3 O-O-O 20. Qd3 Kb7 21. Bxf5 Bxf5 22. Qxf5 Rgf8 23. Qd3 Rxf2 24. Qe3 Rdf8 25.
Rd3 Qb4 26. Rdd1 e4 27. a3 Qc4 28. Rhe1 Qa2 29. c3 a5 30. Kc2 Qc4 31. Rd4 Qb5 32. a4 Qb6 33. Qxh6 Ka6 34. Qd2 Rg2 35. Qg5 Rff2 36.
Qe3 Kb7 37. Qd2 Qa6 38. Kd1 Rh2 39. Qe3 Qb6 40. Qd2 Rfg2 41. b4 Ka7 42. Kc2 axb4 43. Rxb4 Qc5 44. Kb2 e3 45. Qd3 Rf2 46. Qg6 Rxe2+ 47.
Kb3 Rb2+ 48. Ka3 Ra2+ 49. Kb3 Qc4+ 50. Rxc4 Rhb2# 0-1